 Dungeon Crawl Stone Soup version 0.31-a0-164-g2312942fda (webtiles) character file.

Game seed: 2240143561707399999

253 qw the Chopper (level 6, -2/38 HPs)
             Began as a Gargoyle Fighter on June 13, 2023.
             Slain by a gnoll
             ... wielding a +0 spear
             ... led by a gnoll bouda
              (3 damage)
             ... on level 4 of the Dungeon.
             The game lasted 00:01:02 (2399 turns).

qw the Chopper (Gargoyle Fighter)                   Turns: 2399, Time: 00:01:03

Health: -2/38      AC: 18    Str: 22    XL:     6   Next: 14%
Magic:  6/6        EV:  8    Int: 11    God:
Gold:   122        SH:  4    Dex:  9    Spells: 5/5 levels left

rFire   . . .        Y - +0 war axe
rCold   + . .        c - +0 buckler
rNeg    + . .        e - +0 chain mail
rPois   inf          (no helmet)
rElec   +            (no cloak)
rCorr   .            b - +4 pair of gloves of Atafrec {rC+ Int+3 Stlth+}
SInv    .            (no boots)
Will    .....        (no amulet) Stlth
                     (no ring)
HPRegen 0.26/turn    (no ring)
MPRegen 0.10/turn

%: no passive effects
@: no status effects
A: sickness immunity, AC +4, negative energy resistance 1, electricity
resistance, torment resistance 1, petrification resistance
a: no special abilities


You were on level 4 of the Dungeon.
You visited 1 branch of the dungeon, and saw 4 of its levels.

You collected 122 gold pieces.


Innate Abilities, Weirdness & Mutations

You are immune to sickness and miasma.
Your stone body is resilient. (AC +4)
You are immune to poison.
You resist negative energy. (rN+)
You are resistant to electric shocks. (rElec)
You are resistant to unholy torment.
You are immune to petrification.


   Skills:
 - Level 4.1 Fighting
 + Level 5.2 Axes
 - Level 3.2 Armour
 - Level 3.2 Shields


You had 5 spell levels left.
You didn't know any spells.
Your spell library was empty.

Inventory:

Hand Weapons
 a - the +2 morningstar "Gemudeve" {heavy, Will+ Int+4}
   (You acquired it on level 1 of the Dungeon)

   Int:       It affects your intelligence (+4).
   Will:      It increases your willpower.
 Y - a +0 war axe (weapon)
Missiles
 i - 2 boomerangs (quivered)
Armour
 b - the +4 pair of gloves of Atafrec (worn) {rC+ Int+3 Stlth+}
   (You acquired it on level 2 of the Dungeon)

   Int:       It affects your intelligence (+3).
   rC:        It protects you from cold.
   Stlth:     It makes you more stealthy.
 c - a +0 buckler (worn)
 e - a +0 chain mail (worn)
Scrolls
 f - a scroll of enchant armour {unknown}
 j - a scroll of identify
 l - a scroll of noise {unknown}
 n - a scroll of teleportation {unknown}
 o - a scroll of enchant weapon {unknown}
 q - a scroll of fog {unknown}
Potions
 d - a potion of might
 g - a potion of heal wounds {unknown}
 h - a potion of brilliance {unknown}
 k - 4 potions of curing
 m - a potion of attraction
 p - a potion of degeneration {unknown}

Dungeon Overview and Level Annotations

Branches:
Dungeon (4/15)
 Temple: D:4-7

Altars:
Gozag
Qazlal
Uskayaw

Annotations:
D:3 3 runed translucent doors, qw's ghost, amateur GrFi


Message History

You block the gnoll's attack.
The gnoll hits you but does no damage. x2
You block the gnoll's attack. The gnoll barely misses you.
Your Fighting skill increases to level 4!
You have reached level 6!
You closely miss the gnoll.
The gnoll is moderately wounded.
Your attacks no longer feel as feeble.
The gnoll hits you but does no damage. The gnoll closely misses you.
The gnoll hits you but does no damage.
You hit the gnoll.
The gnoll is severely wounded.
The gnoll hits you but does no damage. You block the gnoll's attack.
The gnoll closely misses you. The gnoll hits you but does no damage.
You closely miss the gnoll.
The gnoll is severely wounded.
The gnoll hits you but does no damage. You block the gnoll's attack.
The gnoll hits you but does no damage. The gnoll barely misses you.
You closely miss the gnoll.
The gnoll is severely wounded.
The gnoll hits you with a +0 club. The gnoll hits you but does no damage.
The gnoll barely misses you. The gnoll completely misses you.
You barely miss the gnoll.
The gnoll is severely wounded.
The gnoll hits you but does no damage. x2; The gnoll barely misses you.
You hit the gnoll.
You kill the gnoll!
The gnoll barely misses you.
The gnoll hits you but does no damage. x2
You block the gnoll's attack. x2
Things that are here:
a +0 club; a +0 robe; a gnoll corpse
Enter note: You hit the gnoll.
The gnoll is lightly wounded.
You completely miss the gnoll. The gnoll barely misses you.
The gnoll hits you with a +0 spear.
You barely miss the gnoll.
The gnoll is lightly wounded.
You slash the gnoll!
The gnoll is no longer moving quickly.
The gnoll hits you with a +0 spear.
You die...

####.###..
#+#.#
#......
....#
#......
....#
#......
##....#
#.###..
#[....#
#.# ###
#.....#
#.# #..
#gg...#
#.# #..
#@)...#
#.###..
#.###.#
#...'..
#.#
########..
#.#
#........#
#.#
#.######.#
#.# #.#
#.# #.#
#.# #.#
#.#
######.#
#.# #.#
#.#
#......#
#.# #.#
#.#


You could see 2 gnolls.

Vanquished Creatures
  A sky beast (D:4)
  A gnoll bouda (D:4)
  5 gnolls
  2 adders
  4 dart slugs
  4 orcs (D:4)
  9 bats
  10 endoplasms
  4 giant cockroaches
  6 goblins
  A hobgoblin (D:1)
  A quokka (D:1)
  4 ball pythons
  A frilled lizard (D:2)
  3 kobolds (D:3)
  3 rats
59 creatures vanquished.

Notes
Turn   | Place    | Note
-------+----------+-------------------------------------------
     0 | D:1      | qw the Gargoyle Fighter began the quest for the Orb.
     0 | D:1      | Reached XP level 1. HP: 14/14 MP: 1/1
     0 | D:1      | 0 ||| qw: Version: 0.2-a-29-gc1b59c4
     0 | D:1      | 0 ||| qw: Game counter: 4456
     0 | D:1      | 0 ||| qw: Always use a shield: true
     0 | D:1      | 0 ||| qw: God list: Okawaru
     0 | D:1      | 0 ||| qw: Allow faded altars: false
     0 | D:1      | 0 ||| qw: Do Orc after D:15 true
     0 | D:1      | 0 ||| qw: Do second Lair branch before Depths: true
     0 | D:1      | 0 ||| qw: Lair rune preference: random
     0 | D:1      | 0 ||| qw: Plans: Normal, Zot:1-4, Slime:5, God:TSO, Crypt,
                  | Tomb, Abyss, Pan, Hells, Win
     0 | D:1      | 0 ||| PLANNING D:1-11
    21 | D:1      | Reached skill level 2 in Axes
    94 | D:1      | Reached XP level 2. HP: 16/19 MP: 2/2
   339 | D:1      | Reached skill level 3 in Axes
   500 | D:1      | 500 ||| UPGRADING to +0 chain mail.
   510 | D:1      | 510 ||| DROPPING +0 scale mail.
   511 | D:1      | 511 ||| READING scroll labelled IMOGUU EGUMISM.
   512 | D:1      | 512 ||| READING scroll labelled YSKILL WORHO.
   512 | D:1      | Identified a scroll of acquirement
   512 | D:1      | 512 ||| ACQUIRING +2 morningstar "Gemudeve" {heavy, Will+
                  | Int+4}
   512 | D:1      | Acquired the +2 morningstar "Gemudeve" {heavy, Will+ Int+4}
   546 | D:2      | Reached XP level 3. HP: 23/23 MP: 3/3
   548 | D:2      | 548 ||| READING scroll of acquirement.
   548 | D:2      | 548 ||| ACQUIRING +4 pair of gloves of Atafrec {rC+ Int+3
                  | Stlth+}
   548 | D:2      | Acquired the +4 pair of gloves of Atafrec {rC+ Int+3
                  | Stlth+}
   550 | D:2      | 550 ||| UPGRADING to +4 pair of gloves of Atafrec {rC+
                  | Int+3 Stlth+}.
   795 | D:2      | 795 ||| Stepping ~*~*~tactically~*~*~ (hiding).
   807 | D:2      | Reached XP level 4. HP: 25/28 MP: 4/4
   875 | D:2      | Reached skill level 4 in Axes
   892 | D:2      | Found a hide-covered altar of Uskayaw.
  1273 | D:2      | 1273 ||| READING scroll labelled OVERYB DATAYZ.
  1274 | D:2      | 1274 ||| READING scroll labelled QUMPIDDEMOL.
  1293 | D:2      | 1293 ||| DRINKING 2 cyan potions.
  1321 | D:3      | Found a faded altar of an unknown god.
  1353 | D:3      | Found a runed translucent gate.
  1353 | D:3      | Found a runed translucent gate.
  1353 | D:3      | Found an opulent altar of Gozag.
  1353 | D:3      | Found a runed translucent gate.
  1356 | D:3      | Noticed qw's ghost (amateur GrFi)
  1356 | D:3      | Noticed a bullfrog
  1356 | D:3      | Noticed a scorpion
  1411 | D:3      | 1411 ||| Stepping ~*~*~tactically~*~*~ (hiding).
  1413 | D:3      | 1413 ||| Stepping ~*~*~tactically~*~*~ (stealth).
  1418 | D:3      | 1418 ||| Stepping ~*~*~tactically~*~*~ (stealth).
  1419 | D:3      | 1419 ||| Stepping ~*~*~tactically~*~*~ (hiding).
  1420 | D:3      | 1420 ||| Stepping ~*~*~tactically~*~*~ (hiding).
  2034 | D:3      | 2034 ||| DROPPING +6 ring of intelligence.
  2035 | D:3      | 2035 ||| READING scroll labelled ZUIBUILUST.
  2036 | D:3      | 2036 ||| DRINKING 2 yellow potions.
  2037 | D:3      | 2037 ||| READING 2 scrolls of identify.
  2037 | D:3      | 2037 ||| IDENTIFYING smoky orange potion
  2038 | D:3      | 2038 ||| DROPPING potion of invisibility.
  2069 | D:4      | Found a stormy altar of Qazlal.
  2069 | D:4      | Noticed a sky beast
  2077 | D:4      | Killed a sky beast
  2078 | D:4      | Reached skill level 5 in Axes
  2078 | D:4      | Reached XP level 5. HP: 32/32 MP: 5/5
  2187 | D:4      | 2187 ||| Stepping ~*~*~tactically~*~*~ (hiding).
  2385 | D:4      | HP: 8/33 [gnoll/+0 spear[a gnoll bouda] (5)]
  2387 | D:4      | HP: 3/33 [gnoll/+0 club[a gnoll bouda] (2)]
  2391 | D:4      | Reached XP level 6. HP: 4/38 MP: 6/6
  2394 | D:4      | HP: 1/38 [gnoll/+0 club[a gnoll bouda] (4)]
  2399 | D:4      | Slain by a gnoll

Levels and vault maps discovered:
D:1:      lemuel_arrival_behind_the_door_small, layout_basic
D:2:      layout_basic, basic_altar, grunt_decor_fettered, serial_park_tiny_1
D:3:      layout_loops_ring, ebering_ghost_gozag,
          hellmonk_ecumenical_altar_arch_garden
D:4:      old_forge, layout_basic, nicolae_qazlal_beasts_of_the_sky,
          serial_shops, nicolae_diamond_shop

Skill      XL: |  1  2  3  4  5 |
---------------+----------------+-----
Axes           | 2 3 5 |  5.2
Fighting       | 4 |  4.1
Armour         | |  3.2
Shields        | |  3.2

Action                     |  1- 3 |  4- 6 || total
---------------------------+-------+-------++-------
  Melee: War axe           |    52 |   102 ||   154
  Throw: Boomerang         |    17 |    39 ||    56
    Use: Scroll            |     3 |     4 ||     7
         Potion            |       |     2 ||     2
 Armour: Scale mail        |    21 |       ||    21
         Chain mail        |     9 |   100 ||   109
  Dodge: Dodged            |    21 |    43 ||    64
  Block: Buckler           |     5 |    24 ||    29

Table legend:
 A = Non-vault XP
 B = Vault XP
 C = Vault XP percentage of total XP
 D = Non-vault monster count
 E = Vault monster count
 F = Vault count percentage of total count
                 A         B        C        D         E       F
            +---------+---------+-------+---------+---------+-------
      Total |     233 |     129 |  35.6 |      58 |       1 |   1.7
            +---------+---------+-------+---------+---------+-------
        D:1 |      32 |       0 |   0.0 |      16 |       0 |   0.0
        D:2 |      72 |       0 |   0.0 |      13 |       0 |   0.0
        D:3 |      36 |       0 |   0.0 |      16 |       0 |   0.0
        D:4 |      93 |     129 |  58.1 |      13 |       1 |   7.1
            +---------+---------+-------+---------+---------+-------
